 Dungeon Crawl Stone Soup version 0.29-a0-19-gef7f3e67aa (console) character file.

Game seed: 412918634579191260

1668 Cab the Cleaver (level 8, -1/58 HPs)
             Began as a Demonspawn Fighter on Jan 29, 2022.
             Slain by a sky beast (6 damage)
             ... on level 7 of the Dungeon.
             The game lasted 00:15:21 (6336 turns).

Cab the Cleaver (Demonspawn Fighter)                Turns: 6336, Time: 00:15:23

Health: -1/58      AC:  8    Str: 20    XL:     8   Next: 69%
Magic:  8/8        EV:  9    Int:  9    God:
Gold:   375        SH:  4    Dex: 12    Spells: 7/7 levels left

rFire   . . .      SeeInvis .   d - +0 battleaxe
rCold   . . .      Faith    .   (shield currently unavailable)
rNeg    . . .      Spirit   .   m - +0 chain mail
rPois   .          Reflect  .   (helmet unavailable)
rElec   .          Harm     .   (no cloak)
rCorr   .          Rampage  .   (no gloves)
Will    .....                   (no boots)
Stlth   ..........              (no amulet)
HPRegen 0.19/turn               (no ring)
MPRegen 0.11/turn               (no ring)

@: no status effects
A: horns 3, repulsion field 1, condensation shield
a: no special abilities


You were on level 7 of the Dungeon.
You visited 1 branch of the dungeon, and saw 7 of its levels.

You collected 375 gold pieces.

Inventory:

Hand Weapons
 a - a +0 war axe
 d - a +0 battleaxe (weapon)
Armour
 m - a +0 chain mail (worn)
Wands
 k - a wand of iceblast (3)
 p - a wand of flame (9)
Scrolls
 b - a scroll of noise {unknown}
 c - a scroll of summoning
 e - a scroll of fear
 h - a scroll of immolation {unknown}
 i - a scroll of enchant weapon {unknown}
 q - a scroll of enchant armour {unknown}
 r - 3 scrolls of teleportation {unknown}
 s - a scroll of vulnerability
Potions
 j - a potion of magic
 l - a potion of ambrosia
 n - 2 potions of curing
 o - 2 potions of cancellation


   Skills:
 - Level 3.0 Fighting
 + Level 10.2 Axes
 - Level 2.6 Armour
 - Level 2.6 Shields
 + Level 1.3 Evocations


You had 7 spell levels left.
You didn't know any spells.
Your spell library contained the following spells:

 Spells                   Type           Power      Damage    Failure   Level
 Beastly Appendage        Tmut           0%         N/A       99%         1
 Magic Dart               Conj           0%         1d3       99%         1
 Summon Small Mammal      Summ           0%         N/A       99%         1
 Call Imp                 Summ           0%         N/A       100%        2
 Sublimation of Blood     Necr           0%         N/A       100%        2
 Wereblood                Tmut           0%         N/A       100%        2
 Call Canine Familiar     Summ           0%         N/A       100%        3
 Mephitic Cloud           Conj/Pois/Air  0%         N/A       100%        3
 Spider Form              Tmut/Pois      0%         N/A       100%        3
 Summon Guardian Golem    Hex/Summ       0%         N/A       100%        3
 Summon Hydra             Summ           0%         N/A       100%        7


Dungeon Overview and Level Annotations

Branches:
Dungeon (7/15)
 Temple: D:4-7

Altars:
Vehumet
Wu Jian

Annotations:
D:4 Pikel


Innate Abilities, Weirdness & Mutations

You have a pair of large horns on your head.
You are surrounded by a mild repulsion field. (EV +2)
A meltable shield of frost defends you. (SH +4)


Message History

You hit the scorpion but do no damage.
You feel very sick. The scorpion stings you.
You are more poisoned.
The scorpion poisons you! The scorpion barely misses you.
You hit the scorpion but do no damage.
You feel extremely sick.
A sky beast appears from thin air!
Reactivating autopickup.
The scorpion completely misses you.
The sky beast hits you but does no damage.
You closely miss the sky beast. Your headbutt misses the sky beast.
You slash the scorpion!
You feel very sick. The scorpion stings you.
You are lethally poisoned!
The scorpion poisons you!
The sky beast flickers out of sight!
Deactivating autopickup; reactivate with Ctrl-A.
Something hits you but does no damage.
Unknown command.
Unknown command.
Unknown command.
Unknown command.
You are too injured to fight recklessly!
You hit the scorpion.
The scorpion is almost dead.
You barely miss something.
* * * LOW HITPOINT WARNING * * *
You feel very sick. The scorpion stings you.
* * * LOW HITPOINT WARNING * * *
Something hits you.
* * * LOW HITPOINT WARNING * * *
Something shocks you.
* * * LOW HITPOINT WARNING * * *
The scorpion stings you but does no damage.
You feel better. You block the scorpion's attack. Something hits you.
* * * LOW HITPOINT WARNING * * *
Something shocks you.
You die... ∙∙▒∙▒▒▒▒∙∙ ∙∙▒∙∙∙∙∙∙▒ ∙∙∙∙∙∙∙∙∙▒▒ ∙∙∙∙∙∙∙∙∙∙▒▒▒ ∙∙∙∙∙∙∙∙∙∙∙∙

∙∙∙∙∙∙∙∙∙∙▒
∙∙∙∙∙∙{∙∙∙▒
∙∙∙∙∙∙s@∙<▒
∙∙∙∙∙∙∙∙∙∙▒
∙∙∙∙∙∙∙∙∙∙▒
∙∙▒∙∙∙∙∙▒∙▒
▒ ▒▒▒▒▒▒▒∙▒
>∙∙


∙∙∙∙ ∙∙∙∙∙ You could see a scorpion.

Vanquished Creatures
  Sigmund (D:3)
  An orc warrior (D:6)
  An ice beast (D:5)
  A sky beast (D:6)
  A necrophage (D:5)
  2 ogres (D:5)
  A phantom (D:5)
  A lemure (D:4)
  Blork the orc (D:6)
  A scorpion (D:6)
  3 water moccasin skeletons
  A howler monkey (D:6)
  2 centaur zombies
  2 jellies
  A centaur skeleton (D:6)
  2 hounds
  Terence (D:3)
  4 orc wizards (D:4)
  A killer bee zombie (D:6)
  A hound zombie (D:5)
  4 gnolls (D:2)
  9 adders
  A shadow imp (D:5)
  A white imp (D:5)
  An adder zombie (D:5)
  A worm (D:3)
  A dart slug (D:3)
  4 orcs
  12 ball pythons
  4 endoplasms
  3 giant cockroaches
  4 goblins
  5 hobgoblins
  10 jackals
  5 quokkas
  2 bats
  4 frilled lizards
  5 kobolds
  9 rats
114 creatures vanquished.

Vanquished Creatures (others)
  12 fungi (D:4)
  2 toadstools (D:4)
14 creatures vanquished.

Grand Total: 128 creatures vanquished

Notes
Turn   | Place    | Note
-------+----------+-------------------------------------------
     0 | D:1      | Cab the Demonspawn Fighter began the quest for the Orb.
     0 | D:1      | Reached XP level 1. HP: 18/18 MP: 1/1
    70 | D:1      | Reached skill level 2 in Axes
   220 | D:1      | Gained mutation: You are surrounded by a mild repulsion
                  | field. (EV +2) [demonic ancestry]
   220 | D:1      | Reached XP level 2. HP: 24/24 MP: 2/2
   674 | D:2      | Reached skill level 3 in Axes
   674 | D:2      | Reached XP level 3. HP: 29/29 MP: 3/3
  1299 | D:2      | Found a radiant altar of Vehumet.
  1310 | D:2      | Reached XP level 4. HP: 35/35 MP: 4/4
  1409 | D:2      | Reached skill level 4 in Axes
  2476 | D:3      | Noticed Terence
  2481 | D:3      | Killed Terence
  2482 | D:3      | Gained mutation: You have a pair of small horns on your
                  | head. [demonic ancestry]
  2482 | D:3      | Reached XP level 5. HP: 36/41 MP: 5/5
  2548 | D:3      | Noticed Sigmund
  2564 | D:3      | Killed Sigmund
  2565 | D:3      | Reached skill level 6 in Axes
  2565 | D:3      | Gained mutation: You have a pair of horns on your head.
                  | [demonic ancestry]
  2565 | D:3      | Reached XP level 6. HP: 36/47 MP: 6/6
  2887 | D:4      | Found an ornate altar of the Wu Jian Council.
  4104 | D:4      | Noticed Pikel
  4424 | D:5      | Entered Level 5 of the Dungeon
  4437 | D:5      | Reached skill level 7 in Axes
  4437 | D:5      | Gained mutation: You have a pair of large horns on your
                  | head. [demonic ancestry]
  4437 | D:5      | Reached XP level 7. HP: 35/52 MP: 7/7
  4957 | D:5      | Reached skill level 8 in Axes
  5199 | D:5      | Gained mutation: A meltable shield of frost defends you.
                  | (SH +4) [demonic ancestry]
  5199 | D:5      | Reached XP level 8. HP: 58/58 MP: 8/8
  5832 | D:6      | Reached skill level 9 in Axes
  6005 | D:6      | Noticed Blork the orc
  6011 | D:6      | Killed Blork the orc
  6012 | D:6      | Reached skill level 1 in Evocations
  6064 | D:6      | Reached skill level 10 in Axes
  6336 | D:7      | Slain by a sky beast

Illustrated notes

Levels and vault maps discovered:
D:1:      dpeg_arrival_simpleton_c, layout_rooms, minmay_stone_trees_medium
D:2:      layout_basic, basic_altar, minmay_fractal_squares_gapless_5
D:3:      layout_rooms, grunt_ministairs_11, uniq_sigmund,
          uniq_crazy_yiuf_cottage, uniq_terence
D:4:      layout_gridville, kennysheep_mini_moat, minmay_gold_behind_fungi,
          wad_floor_pattern_2, minmay_a_box_with_orc_wizards_in_it, uniq_pikel
D:5:      layout_gridville, due_unseen_surprise
D:6:      layout_rooms, minmay_misc_feat_doors, uniq_blork_the_orc
D:7:      layout_rooms, minmay_temple_entry_drinking_statues,
          serial_corexii_hall, corexii_hall_statues_l, corexii_hall_statues_u

Skill      XL: |  1  2  3  4  5  6  7  8 |
---------------+-------------------------+-----
Axes           | 2 3 4 6 7 8 10 | 10.2
Evocations     | 1 |  1.3
Fighting       | |  3.0
Armour         | |  2.6
Shields        | |  2.6

Action                   |  1- 3 |  4- 6 |  7- 9 || total
-------------------------+-------+-------+-------++-------
Melee: War axe           |    98 |   185 |    87 ||   370
       Headbutt          |       |    26 |    25 ||    51
       Battleaxe         |       |       |    20 ||    20
Evoke: Wand              |       |       |    11 ||    11
  Use: Potion            |     1 |     1 |     2 ||     4
       Scroll            |       |     3 |     7 ||    10
Armor: Scale mail        |    35 |    17 |       ||    52
       Chain mail        |       |    56 |    44 ||   100
Dodge: Dodged            |    63 |    67 |    35 ||   165
Block: Buckler           |    29 |    42 |    20 ||    91
       Other             |       |       |     6 ||     6

Table legend: (Time is in decaauts)
 A = Elapsed time spent in this place.
 B = Non-inter-level travel time spent in this place.
 C = Inter-level travel time spent in this place.
 D = Time resting spent in this place.
 E = Time spent auto-exploring this place.
 F = Levels seen in this place.
 G = Mean time per level.
                   A        B        C        D        E       F      G
               +--------+--------+--------+--------+--------+-----+--------+
         Total |   6437 |   6192 |    245 |    655 |   4113 |   7 |  919.6 |
       Dungeon |   6437 |   6192 |    245 |    655 |   4113 |   7 |  919.6 |
               +--------+--------+--------+--------+--------+-----+--------+

Top non-repeatable levels by time:
     D:4: 1798 daAuts
     D:2: 1583 daAuts
     D:5: 1178 daAuts
     D:3: 745 daAuts
     D:1: 591 daAuts
     D:6: 529 daAuts
     D:7: 10 daAuts
